 Dungeon Crawl Stone Soup version 0.30.1-6-gbe392663c4 (webtiles) character file.

Game seed: 16693097029818743778

3199 Ivernyr the Cruncher (level 10, -3/79 HPs)
             Began as a Formicid Fighter on Sept 20, 2023.
             Slain by Erica
             ... wielding a +0 scimitar of flaming
              (11 damage)
             ... on level 8 of the Dungeon.
             The game lasted 00:16:44 (8150 turns).

Ivernyr the Cruncher (Formicid Fighter)             Turns: 8150, Time: 00:16:45

Health: -3/79      AC:  9    Str: 25    XL:     10   Next: 17%
Magic:  10/10      EV: 10    Int:  8    God:
Gold:   325        SH:  6    Dex: 13    Spells: 9/9 levels left

rFire   . . .        a - +0 quarterstaff
rCold   . . .        c - +0 buckler
rNeg    + . .        b - +0 acid dragon scales
rPois   .            (helmet unavailable)
rElec   .            (no cloak)
rCorr   +            e - +0 pair of gloves
SInv    +            (no boots)
Will    +....        (no amulet)
Stlth   +            g - ring of positive energy
HPRegen 0.33/turn    (no ring)
MPRegen 0.12/turn

%: no passive effects
@: mighty
A: permanent stasis, dig shafts and tunnels, antennae 3, four strong arms
a: Dig, Shaft Self


You were on level 8 of the Dungeon.
You visited 2 branches of the dungeon, and saw 9 of its levels.

You collected 325 gold pieces.

Inventory:

Hand Weapons
 a - a +0 quarterstaff (weapon)
Armour
 b - +0 acid dragon scales (worn)
 c - a +0 buckler (worn)
 e - a +0 pair of gloves (worn)
Jewellery
 g - a ring of positive energy (left hand)
 F - a ring of flight
Wands
 A - a wand of charming (9)
 E - a wand of quicksilver (7)
Scrolls
 f - 3 scrolls of magic mapping {unknown}
 j - 2 scrolls of immolation {unknown}
 k - a scroll of brand weapon {unknown}
 m - a scroll of summoning {unknown}
 o - a scroll of poison {unknown}
 r - 3 scrolls of fog {unknown}
 s - a scroll of fear {unknown}
 t - a scroll of amnesia {unknown}
 u - 3 scrolls of teleportation {unknown}
 v - 2 scrolls of silence {unknown}
 w - 2 scrolls of vulnerability {unknown}
 y - a scroll of blinking {unknown}
 B - 4 scrolls of identify {unknown}
Potions
 i - 2 potions of curing
 l - a potion of invisibility {unknown}
 n - 3 potions of flight {unknown}
 p - a potion of haste {unknown}
 q - 2 potions of brilliance {unknown}
 x - a potion of ambrosia {unknown}
 z - a potion of mutation {unknown}
 C - a potion of lignification {unknown}
 D - a potion of resistance {unknown}


   Skills:
 + Level 7.4 Fighting
 * Level 9.0 Staves
 + Level 7.4 Armour
 + Level 8.9 Shields


You had 9 spell levels left.
You didn't know any spells.
Your spell library contained the following spells:

 Spells                   Type           Power      Damage    Failure   Level
 Apportation              Tloc           0%         N/A       52%         1
 Necrotise                Necr           0%         1d4       52%         1
 Summon Small Mammal      Summ           0%         N/A       52%         1
 Lesser Beckoning         Tloc           0%         N/A       65%         2
 Momentum Strike          Conj/Tloc      0%         3d8       65%         2
 Frozen Ramparts          Ice            0%         1d1       87%         3
 Ice Form                 Ice/Tmut       0%         N/A       99%         4
 Summon Ice Beast         Ice/Summ       0%         N/A       99%         4
 Blink                    Tloc           Unusable   N/A       N/A         2

Dungeon Overview and Level Annotations

Branches:
Dungeon (8/15)             Temple (1/1) D:6
   Lair: D:8-11

Altars:
Ashenzari
Cheibriados
Dithmenos
Elyvilon
Fedhas
Gozag
Hepliaklqana
Kikubaaqudgha
Makhleb
Okawaru
Qazlal
Ru
Sif Muna
Trog
Uskayaw
Vehumet
Xom
Yredelemnul
Zin
The Shining One

Shops:
D:3 (   D:4 [   D:5 *   D:6 [

Annotations:
D:7 2 runed translucent doors
D:8 Erica


Innate Abilities, Weirdness & Mutations

You cannot be hasted, slowed, berserked, paralysed or teleported.
You can dig through walls and to a lower floor.
You have a pair of large antennae on your head. (SInv)
Your four strong arms can wield two-handed weapons with a shield.


Message History

Erica burns you.
You hit Erica.
Erica is lightly wounded.
You closely miss Erica.
Erica is lightly wounded.
Erica hits you with a +0 scimitar of flaming.
Erica burns you.
You feel very mighty all of a sudden.
Erica hits you with a +0 scimitar of flaming!
Erica burns you.
You barely miss Erica.
Erica is lightly wounded.
Erica hits you with a +0 scimitar of flaming.
Erica burns you.
You hit Erica.
Erica is lightly wounded.
Erica hits you with a +0 scimitar of flaming!
Erica burns you.
You bludgeon Erica!!
Erica is heavily wounded.
Erica casts a spell at you. The lance of force hits you!
* * * LOW HITPOINT WARNING * * *
You are knocked back by the lance of force.
You slam into the metal wall!
* * * LOW HITPOINT WARNING * * *
Erica attacks as you move away! You block Erica's attack.
Things that are here:
a +0 robe; a +0 trident
Items here: ))) [[[.
You closely miss Erica.
Erica is heavily wounded.
Erica barely misses you.
You sock Erica!
Erica is heavily wounded.
Erica hits you but does no damage.
You barely miss Erica.
Erica is heavily wounded.
Erica hits you with a +0 scimitar of flaming!
You die...

.............
...........#
......[$..#
.>..[..[.#
...##.#[## # ..
#.### . #.## #...#
..#.# ###@# .....#
#@# .##...### #.#
........# #.##
.......<###†[######
..................#
##................#
#.........<......#
#................#
#................#


You could see Erica.

Vanquished Creatures
  A hornet (D:8)
  2 steam dragons
  4 water moccasins
  An acid dragon (D:8)
  2 black bears
  An orc warrior (D:6)
  2 ogres (D:7)
  A phantom (D:6)
  2 centaurs
  A bullfrog (D:8)
  3 scorpions
  7 wights
  4 killer bees (D:7)
  A jelly (D:5)
  4 hounds
  5 orc priests
  2 sleepcaps (D:6)
  5 iguanas
  3 orc wizards
  7 adders
  3 shadow imps
  An ufetubus (D:5)
  3 worms
  4 dart slugs
  29 orcs
  9 ball pythons
  5 endoplasms
  6 giant cockroaches
  9 goblins
  6 hobgoblins
  3 jackals (D:4)
  4 quokkas
  12 bats
  A frilled lizard (D:2)
  4 kobolds
  5 rats
162 creatures vanquished.

Vanquished Creatures (others)
  An orc wizard (D:8)
  2 orcs (D:8)
3 creatures vanquished.

Grand Total: 165 creatures vanquished

Notes
Turn   | Place    | Note
-------+----------+-------------------------------------------
     0 | D:1      | Ivernyr the Formicid Fighter began the quest for the Orb.
     0 | D:1      | Reached XP level 1. HP: 18/18 MP: 1/1
   210 | D:1      | Reached XP level 2. HP: 24/24 MP: 2/2
   504 | D:1      | Reached XP level 3. HP: 29/29 MP: 3/3
   810 | D:2      | Reached XP level 4. HP: 35/37 MP: 4/4
   866 | D:2      | Reached skill level 3 in Staves
  1003 | D:2      | Found a faded altar of an unknown god.
  1250 | D:3      | Found Aryqev's Weapon Shoppe.
  1265 | D:3      | Found a hazy altar of Hepliaklqana.
  1456 | D:3      | Found a glowing silver altar of Zin.
  1513 | D:3      | Found a basalt altar of Yredelemnul.
  1520 | D:3      | Found a shadowy altar of Dithmenos.
  1522 | D:3      | Found an iron altar of Okawaru.
  1660 | D:3      | Found a broken altar of Ashenzari.
  2021 | D:4      | Reached XP level 5. HP: 42/42 MP: 5/5
  2143 | D:4      | Reached skill level 5 in Shields
  2243 | D:4      | Reached skill level 4 in Staves
  2243 | D:4      | Reached XP level 6. HP: 48/48 MP: 6/6
  2270 | D:4      | Found Asukh's Armour Shop.
  2718 | D:5      | Entered Level 5 of the Dungeon
  2901 | D:5      | Reached XP level 7. HP: 38/55 MP: 7/7
  3013 | D:5      | Found Xetiq's Gadget Gallery.
  3068 | D:5      | Reached skill level 5 in Staves
  3322 | D:5      | Reached skill level 5 in Fighting
  3322 | D:5      | Reached skill level 5 in Armour
  3476 | D:5      | Reached XP level 8. HP: 62/62 MP: 8/8
  4033 | D:6      | Found a staircase to the Ecumenical Temple.
  4059 | Temple   | Entered the Ecumenical Temple
  4287 | D:6      | Reached skill level 6 in Staves
  4689 | D:6      | Found Puydoax's Armour Shop.
  5221 | D:6      | Reached XP level 9. HP: 69/69 MP: 9/9
  5227 | D:6      | Reached skill level 7 in Staves
  6304 | D:7      | Found a runed translucent door.
  6306 | D:7      | Found a runed translucent door.
  6442 | D:7      | Reached skill level 8 in Staves
  7377 | D:8      | Noticed a hornet
  7411 | D:8      | Killed a hornet
  7622 | D:8      | Reached XP level 10. HP: 31/74 MP: 10/10
  8034 | D:8      | Reached skill level 9 in Staves
  8131 | D:8      | Noticed Erica
  8150 | D:8      | Slain by Erica

Illustrated notes

Levels and vault maps discovered:
D:1:      tarquinn_simple_flora_water_a, layout_loops_cross
D:2:      layout_rooms, hellmonk_ecumenical_altar_prayer_group
D:3:      layout_loops_cross, nicolae_hepliaklqana_hazy_memory,
          evilmike_ruin_ashenzari, zin_treasury, nicolae_overflow_hidden_temple,
          serial_shops, shop
D:4:      layout_loops_ring, serial_shops, shop
D:5:      layout_basic, portal_sewer_entry_b, hellmonk_bongcloud_opening,
          nicolae_shop_gadgets
D:6:      layout_loops_ring, minmay_temple_entry_offerings, serial_shops,
          nicolae_shop_advertising_works [nicolae_subvault_shop_adworks],
          chequers_serial_rivers_micro_b
D:7:      lemuel_insect_pit, layout_layer_cave, chequers_serial_rivers_room_a
D:8:      layout_rooms, nicolae_wu_jian_glorious_leap,
          grunt_lair_entry_orc_guard_hut, uniq_maggie, uniq_erica
Temple:   eino_narrow_crystal_temple

Skill      XL: |  1  2  3  4  5  6  7  8  9 10 |
---------------+-------------------------------+-----
Staves         | 3 4 5 6 8 9 |  9.0
Fighting       | 4 5 6 7 |  7.4
Armour         | 4 5 6 7 |  7.4
Shields        | 5 6 7 8 |  8.9

Action                     |  1- 3 |  4- 6 |  7- 9 | 10-12 || total
---------------------------+-------+-------+-------+-------++-------
  Melee: Quarterstaff      |    69 |   200 |   383 |    41 ||   693
    Use: Potion            |       |       |     6 |     1 ||     7
 Armour: Scale mail        |    36 |    89 |   143 |     4 ||   272
         Acid dragon scale |       |       |       |     1 ||     1
  Dodge: Dodged            |    25 |   100 |   152 |    17 ||   294
  Block: Buckler           |    14 |    64 |   101 |    11 ||   190
